Lightning vs Capitals (R1)

Created - April 22, 2021 at 19:10

Goals
1 2 3 T
Lightning 0 0 1 1
Capitals 0 3 4 7
Shots
1 2 3 T
Lightning 6 8 13 27
Capitals 9 10 14 33

1st period

No Goal

Penalties :
Sam Gagner (TB.) for Hooking (Minor) at 1:49, Brent Seabrook (TB.) for Roughing (Double Minor) at 11:09, Patrick Sharp (Was) for Cross-checking (Minor) at 16:22

2nd period

1. Capitals , Mike Green 5 (Joe Pavelski 42, Mikko Koivu 15) at 0:58
2. Capitals , Derek Roy 37 (Patrick Sharp 31) at 1:06
3. Capitals , Ryan Nugent-Hopkins 14 (Mike Green 26, Keith Kinkaid) at 7:21 (PP)

Penalties :
Brent Seabrook (TB.) for Holding (Minor) at 1:44, Rickard Rakell (TB.) for High sticking (Minor) at 7:09, Patrick Sharp (Was) for Hooking (Minor) at 9:24

3rd period

4. Capitals , Derek Roy 38 (Mike Green 27) at 0:28
5. Capitals , Ryan Suter 7 (Unassisted) at 7:36
6. Capitals , Jason Pominville 28 (Jamie Benn 22, Mike Green 28) at 8:36
7. Capitals , Mike Green 6 (Patrick Sharp 32, Keith Kinkaid) at 10:37 (PP)
8. Lightning , Sergei Shirokov 15 (Stephen Weiss 14) at 15:12

Penalties :
Kyle Clifford (TB.) for Boarding (Minor) at 4:41, Bobby Ryan (TB.) for Roughing (Minor) at 10:21, Mike Green (Was) for Interference (Minor) at 13:01, Bobby Ryan (TB.) for Hooking (Minor) at 17:57

Goalie Stats

Philipp Grubauer (TB.), 19 saves from 24 shots - (0.792), L, 35-25-5, 47:36 minutes
Jhonas Enroth (TB.), 7 saves from 9 shots - (0.778), 12:24 minutes
Keith Kinkaid (Was), 26 saves from 27 shots - (0.963), W, 12-9-2, 60:00 minutes

Players Stats for Lightning

Player Name              G  A  P  +/- PIM S  H  SB GA TA FO     MP     PP MP  PK MP  
------------------------------------------------------------------------------------
Alex Killorn             0  0  0   0  0   0  0  0  0  0  0/0     7:41   0:00   0:00 
Alexander Wennberg       0  0  0  -1  0   1  1  0  1  0  9/16   13:30   2:45   0:00 
Ben Lovejoy              0  0  0   1  0   0  1  5  0  1  0/0    18:50   0:10   5:51 
Bobby Ryan               0  0  0  -3  4   4  1  1  1  0  0/0    21:04   2:07   2:54 
Brent Seabrook           0  0  0  -3  6   0  1  1  1  1  0/0    27:28   2:57   3:35 
Brian Flynn              0  0  0   0  0   0  1  0  0  0  1/1     8:17   0:36   0:00 
Jesper Fast              0  0  0   0  0   1  1  0  0  0  0/1     8:23   0:42   0:00 
Jon Merrill              0  0  0   1  0   0  1  0  0  0  0/0    19:52   0:10   4:25 
Joni Pitkanen            0  0  0  -2  0   1  1  0  0  0  0/0    11:57   2:50   0:49 
Justin Schultz           0  0  0  -3  0   2  0  2  0  1  0/0    28:11   2:57   7:09 
Kyle Clifford            0  0  0  -1  2   2  3  0  1  0  0/0    18:59   2:53   5:12 
Mark Scheifele           0  0  0  -3  0   8  2  1  1  2  19/33  24:41   2:15   6:34 
Ondrej Palat             0  0  0   0  0   0  1  0  0  0  0/0     9:05   0:17   1:50 
Rickard Rakell           0  0  0  -1  2   0  1  0  0  0  0/0    16:38   2:58   2:48 
Sam Gagner               0  0  0  -3  2   4  1  1  0  0  0/2    18:16   2:07   0:26 
Sergei Shirokov          1  0  1   0  0   1  0  2  0  0  1/1     7:57   0:59   0:00 
Shayne Gostisbehere      0  0  0  -2  0   2  0  0  0  1  0/0    14:05   2:50   2:57 
Stephen Weiss            0  1  1   0  0   1  1  0  0  0  3/5    12:36   0:12   5:02 

Players Stats for Capitals

Player Name              G  A  P  +/- PIM S  H  SB GA TA FO     MP     PP MP  PK MP  
------------------------------------------------------------------------------------
Alexander Steen          0  0  0   1  0   2  0  0  1  1  0/0     9:31   0:35   1:22 
Brent Burns              0  0  0   3  0   0  3  2  0  0  0/0    21:31   0:24   3:35 
Clarke MacArthur         0  0  0   1  0   1  2  0  0  0  0/0    13:10   6:50   0:00 
Derek Roy                2  0  2   1  0   4  1  0  1  0  15/34  20:50   5:46   1:27 
Duncan Keith             0  0  0   1  0   2  2  0  0  0  0/0    21:18   5:11   1:22 
Dustin Brown             0  0  0   1  0   1  1  1  0  0  0/0     9:36   0:37   1:27 
Jamie Benn               0  1  1   1  0   1  2  1  1  0  0/0    19:26   5:32   0:00 
Jason Pominville         1  0  1   1  0   5  1  0  0  0  0/0    19:26   5:32   0:00 
Joe Pavelski             0  1  1   1  0   0  2  0  0  1  0/0     9:41   0:00   3:08 
Marc-Édouard Vlasic      0  0  0  -1  0   0  0  1  0  0  0/0     9:47   0:18   0:00 
Mike Green               2  3  5   3  2   4  0  5  0  1  0/0    26:36   6:52   2:13 
Mikko Koivu              0  1  1   1  0   2  1  0  0  0  0/1    12:26   5:11   0:00 
Patrick Sharp            0  2  2   1  4   3  4  0  0  0  1/1    20:05   6:16   0:00 
Ryan Getzlaf             0  0  0   1  0   1  0  0  0  0  2/5    11:32   0:35   3:11 
Ryan Nugent-Hopkins      1  0  1   1  0   3  3  0  2  1  7/17   21:49   6:02   1:19 
Ryan Suter               1  0  1   0  0   1  2  0  0  0  0/0    11:46   0:00   2:22 
T.J. Oshie               0  0  0   1  0   2  1  0  1  0  1/1    19:55   6:14   0:00 
Trevor Daley             0  0  0   1  0   1  1  1  0  1  0/0    15:34   0:00   2:22 

3 Stars

1 - Mike Green (Was)
2 - Derek Roy (Was)
3 - Keith Kinkaid (Was)

Power Play

Lightning - 0 on 4 Attempt(s) - 0.00%
Capitals - 2 on 7 Attempt(s) - 28.57%

Penalty Kill

Lightning - 5 on 7 Attempt(s) - 71.43% - Score 0 goal in Penalty Kill
Capitals - 4 on 4 Attempt(s) - 100.00% - Score 0 goal in Penalty Kill

Team Stat

Lightning - Hits : 17 - Faceoff Wins : 33 - Blocked Shots : 13 - Penalty Minutes : 16
Capitals - Hits : 26 - Faceoff Wins : 26 - Blocked Shots : 11 - Penalty Minutes : 6

Official

Referees : Unknown
Linesman : Unknown

Game Notes

7:36 of 3rd period - Penalty Shot by Ryan Suter for Capitals - Goal!
Jhonas Enroth enters game at 7:36 of 3rd period

Finance

Level 1 -- Attendance: 5665 (94.42%) -- Ticket Income $577,830
Level 2 -- Attendance: 4941 (98.82%) -- Ticket Income $256,932
Level 3 -- Attendance: 1957 (97.85%) -- Ticket Income $82,194
Level 4 -- Attendance: 3839 (95.98%) -- Ticket Income $99,814
Luxury Box -- Attendance: 830 (83.00%) -- Ticket Income $160,190
Game was played at the Verizon Center.
Total Attendance: 17232 (95.73%)
Total Ticket Income: $1,176,960
Other Income: $176,544
Total Income: $1,353,504

Lightning

5 vs 5 Forward 
   Center                   Left Wing                Right Wing               Time % Phy DF OF 
 1 Mark Scheifele           Sam Gagner               Bobby Ryan               40     1   1  3  
 2 Alexander Wennberg       Kyle Clifford            Rickard Rakell           30     1   1  3  
 3 Stephen Weiss            Ondrej Palat             Sergei Shirokov          20     1   2  2  
 4 Brian Flynn              Alex Killorn             Jesper Fast              10     1   2  2  

5 vs 5 Defense 
   Defense                  Defense                                           Time % Phy DF OF 
 1 Brent Seabrook           Justin Schultz                                    40     1   2  2  
 2 Ben Lovejoy              Jon Merrill                                       30     1   2  2  
 3 Joni Pitkanen            Shayne Gostisbehere                               20     1   2  2  
 4 Brent Seabrook           Jon Merrill                                       10     1   2  2  

PowerPlay Forward 
   Center                   Left Wing                Right Wing               Time % Phy DF OF 
 1 Mark Scheifele           Kyle Clifford            Rickard Rakell           60     0   1  4  
 2 Alexander Wennberg       Sam Gagner               Bobby Ryan               40     1   0  4  

PowerPlay Defense
   Defense                  Defense                                           Time % Phy DF OF 
 1 Brent Seabrook           Justin Schultz                                    60     1   1  3  
 2 Joni Pitkanen            Shayne Gostisbehere                               40     1   1  3  

Penalty Kill 4 Players Forward 
   Center                   Wing                     Time % Phy DF OF 
 1 Mark Scheifele           Kyle Clifford            60     1   3  1  
 2 Stephen Weiss            Bobby Ryan               40     1   3  1  

Penalty Kill 4 Players Defense
   Defense                  Defense                  Time % Phy DF OF 
 1 Brent Seabrook           Justin Schultz           60     1   2  2  
 2 Ben Lovejoy              Jon Merrill              40     1   2  2  

Penalty Kill - 3 Players Forward 
   Forward                                           Time % Phy DF OF 
 1 Mark Scheifele                                    60     1   3  1  
 2 Bobby Ryan                                        40     1   3  1  

Penalty Kill - 3 Players Defense
   Defense                  Defense                  Time % Phy DF OF 
 1 Brent Seabrook           Justin Schultz           60     1   2  2  
 2 Ben Lovejoy              Jon Merrill              40     1   2  2  

4 vs 4 Forward 
   Center                   Wing                     Time % Phy DF OF 
 1 Mark Scheifele           Kyle Clifford            60     1   1  3  
 2 Alexander Wennberg       Bobby Ryan               40     1   1  3  

4 vs 4 Defense
   Defense                  Defense                  Time % Phy DF OF 
 1 Brent Seabrook           Justin Schultz           60     1   2  2  
 2 Ben Lovejoy              Jon Merrill              40     1   2  2  

Last Minutes Offensive
   Center                   Left Wing                Right Wing               Defense                  Defense                  
   Mark Scheifele           Kyle Clifford            Bobby Ryan               Brent Seabrook           Justin Schultz           

Last Minutes Defensive
   Center                   Left Wing                Right Wing               Defense                  Defense                  
   Mark Scheifele           Kyle Clifford            Bobby Ryan               Brent Seabrook           Justin Schultz           

Goaltenders
Starting : Philipp Grubauer         
Backup : Jhonas Enroth            

Extra Forwards
Normal : Jesper Fast, Brian Flynn, Rickard Rakell - PP : Sergei Shirokov, Brian Flynn - PK : Rickard Rakell
Extra Defensemen
Normal : Joni Pitkanen, Shayne Gostisbehere, Justin Schultz - PP : Joni Pitkanen - PK : Shayne Gostisbehere, Brent Seabrook
Penalty Shots
Kyle Clifford, Bobby Ryan, Mark Scheifele, Sergei Shirokov, Sam Gagner

Scratches
Kevin Marshall (Healthy), Spencer Machacek (Healthy)

Capitals

5 vs 5 Forward 
   Center                   Left Wing                Right Wing               Time % Phy DF OF 
 1 Derek Roy                Patrick Sharp            T.J. Oshie               40     0   1  4  
 2 Ryan Nugent-Hopkins      Jamie Benn               Jason Pominville         30     1   1  3  
 3 Mikko Koivu              Clarke MacArthur         Joe Pavelski             15     1   2  2  
 4 Ryan Getzlaf             Alexander Steen          Dustin Brown             15     1   3  1  

5 vs 5 Defense 
   Defense                  Defense                                           Time % Phy DF OF 
 1 Mike Green               Brent Burns                                       40     1   2  2  
 2 Duncan Keith             Trevor Daley                                      30     1   2  2  
 3 Marc-Édouard Vlasic      Ryan Suter                                        20     2   3  0  
 4 Brent Burns              Mike Green                                        10     2   2  1  

PowerPlay Forward 
   Center                   Left Wing                Right Wing               Time % Phy DF OF 
 1 Ryan Nugent-Hopkins      Patrick Sharp            T.J. Oshie               60     1   1  3  
 2 Derek Roy                Jamie Benn               Jason Pominville         40     1   1  3  

PowerPlay Defense
   Defense                  Defense                                           Time % Phy DF OF 
 1 Mike Green               Clarke MacArthur                                  60     0   1  4  
 2 Duncan Keith             Mikko Koivu                                       40     0   2  3  

Penalty Kill 4 Players Forward 
   Center                   Wing                     Time % Phy DF OF 
 1 Ryan Getzlaf             Joe Pavelski             60     1   4  0  
 2 Derek Roy                Dustin Brown             40     1   4  0  

Penalty Kill 4 Players Defense
   Defense                  Defense                  Time % Phy DF OF 
 1 Mike Green               Brent Burns              60     2   3  0  
 2 Trevor Daley             Ryan Suter               40     2   3  0  

Penalty Kill - 3 Players Forward 
   Forward                                           Time % Phy DF OF 
 1 Ryan Getzlaf                                      60     0   5  0  
 2 Joe Pavelski                                      40     0   5  0  

Penalty Kill - 3 Players Defense
   Defense                  Defense                  Time % Phy DF OF 
 1 Mike Green               Brent Burns              60     1   4  0  
 2 Trevor Daley             Ryan Suter               40     1   4  0  

4 vs 4 Forward 
   Center                   Wing                     Time % Phy DF OF 
 1 Derek Roy                Patrick Sharp            60     0   1  4  
 2 Ryan Nugent-Hopkins      T.J. Oshie               40     0   1  4  

4 vs 4 Defense
   Defense                  Defense                  Time % Phy DF OF 
 1 Mike Green               Brent Burns              60     1   2  2  
 2 Duncan Keith             Marc-Édouard Vlasic      40     1   2  2  

Last Minutes Offensive
   Center                   Left Wing                Right Wing               Defense                  Defense                  
   Derek Roy                Patrick Sharp            T.J. Oshie               Mike Green               Clarke MacArthur         

Last Minutes Defensive
   Center                   Left Wing                Right Wing               Defense                  Defense                  
   Ryan Getzlaf             Jamie Benn               Joe Pavelski             Mike Green               Brent Burns              

Goaltenders
Starting : Keith Kinkaid            
Backup : Marc-André Fleury        

Extra Forwards
Normal : Patrick Sharp, T.J. Oshie, Clarke MacArthur - PP : Patrick Sharp, T.J. Oshie - PK : Ryan Getzlaf
Extra Defensemen
Normal : Mike Green, Brent Burns, Duncan Keith - PP : Mike Green - PK : Mike Green, Brent Burns
Penalty Shots
Mike Green, Patrick Sharp, T.J. Oshie, Clarke MacArthur, Jamie Benn

Scratches
Jared Spurgeon (Healthy)

% Time on Ice - Lightning

Lines # - Real PCT - Wanted PCT - Time Play
Normal Forward
1 - 38% - 40% - 15:55
2 - 27% - 30% - 11:06
3 - 17% - 20% - 6:58
4 - 18% - 10% - 7:41
Normal Defense
1 - 45% - 40% - 18:38
2 - 31% - 30% - 12:56
3 - 19% - 20% - 7:45
4 - 6% - 10% - 2:21
PP Forward
1 - 54% - 60% - 3:12
2 - 46% - 40% - 2:45
PP Defense
1 - 52% - 60% - 3:07
2 - 48% - 40% - 2:50
PK Forward
1 - 70% - 60% - 8:42
2 - 30% - 40% - 3:41
PK Defense
1 - 64% - 60% - 7:58
2 - 36% - 40% - 4:25
PK3 Forward
1 - 0% - 60%
2 - 0% - 40%
PK3 Defense
1 - 0% - 60%
2 - 0% - 40%
44 Forward
1 - 0% - 60%
2 - 0% - 40%
44 Defense
1 - 0% - 60%
2 - 0% - 40%
Last Minute Offensive  - 0:00
Last Minute Defensive  - 0:00
Total
Forward - 60:00
Defense - 60:00

% Time on Ice - Capitals

Lines # - Real PCT - Wanted PCT - Time Play
Normal Forward
1 - 33% - 40% - 13:54
2 - 33% - 30% - 13:54
3 - 15% - 15% - 6:20
4 - 18% - 15% - 7:32
Normal Defense
1 - 41% - 40% - 17:05
2 - 35% - 30% - 14:38
3 - 23% - 20% - 9:30
4 - 1% - 10% - 0:27
PP Forward
1 - 55% - 60% - 6:51
2 - 45% - 40% - 5:32
PP Defense
1 - 58% - 60% - 7:12
2 - 42% - 40% - 5:11
PK Forward
1 - 76% - 60% - 4:30
2 - 24% - 40% - 1:27
PK Defense
1 - 60% - 60% - 3:35
2 - 40% - 40% - 2:22
PK3 Forward
1 - 0% - 60%
2 - 0% - 40%
PK3 Defense
1 - 0% - 60%
2 - 0% - 40%
44 Forward
1 - 0% - 60%
2 - 0% - 40%
44 Defense
1 - 0% - 60%
2 - 0% - 40%
Last Minute Offensive  - 0:00
Last Minute Defensive  - 0:00
Total
Forward - 60:00
Defense - 60:00

Play-by-Play

1st period


0:01 of 1st period - Derek Roy wins face-off versus Mark Scheifele in neutral zone.
0:12 of 1st period - Snap shot by T.J. Oshie.
0:12 of 1st period - Shot Misses the Net.
0:14 of 1st period - Slapshot by Patrick Sharp.
0:14 of 1st period - Deflect By T.J. Oshie.
0:14 of 1st period - Shot Blocked by Sam Gagner.
0:14 of 1st period - Puck is out of play.
0:15 of 1st period - Alexander Wennberg wins face-off versus Ryan Nugent-Hopkins in Lightning zone.
0:24 of 1st period - Backhand shot by Jason Pominville.
0:24 of 1st period - Deflect By Jamie Benn.
0:24 of 1st period - Shot Misses the Net.
0:24 of 1st period - Puck is out of play.
0:25 of 1st period - Alexander Wennberg wins face-off versus Ryan Nugent-Hopkins in Lightning zone.
0:25 of 1st period - Alexander Wennberg is hit by Ryan Nugent-Hopkins.
0:33 of 1st period - Jon Merrill is hit by Ryan Nugent-Hopkins and loses puck.
1:24 of 1st period - Slapshot by Ryan Nugent-Hopkins.
1:24 of 1st period - Shot Misses the Net.
1:26 of 1st period - Slapshot by Trevor Daley.
1:26 of 1st period - Stopped by Philipp Grubauer without a rebound.
1:27 of 1st period - Mark Scheifele wins face-off versus Derek Roy in Lightning zone.
1:49 of 1st period - Minor Penalty to Sam Gagner for Hooking.
1:50 of 1st period - Ryan Nugent-Hopkins wins face-off versus Mark Scheifele in Lightning zone.
1:57 of 1st period - Slapshot by Patrick Sharp.
1:57 of 1st period - Stopped by Philipp Grubauer with a rebound.
1:59 of 1st period - Snap shot by Mike Green.
1:59 of 1st period - Deflect By Justin Schultz.
1:59 of 1st period - Stopped by Philipp Grubauer with a rebound.
2:01 of 1st period - Wrist shot by T.J. Oshie.
2:01 of 1st period - Shot Blocked by Justin Schultz.
2:03 of 1st period - Slapshot by Clarke MacArthur.
2:03 of 1st period - Shot Blocked by Brent Seabrook.
2:13 of 1st period - Brent Seabrook is hit by Jason Pominville and loses puck.
2:40 of 1st period - Wrist shot by Bobby Ryan.
2:40 of 1st period - Stopped by Keith Kinkaid with a rebound.
3:13 of 1st period - Icing by Jason Pominville.
3:14 of 1st period - Stephen Weiss wins face-off versus Derek Roy in Capitals zone.
3:36 of 1st period - Jon Merrill is hit by Patrick Sharp and loses puck.
3:49 of 1st period - Penalty to Sam Gagner is over, Sam Gagner is back on ice.
6:11 of 1st period - Wrist shot by Brian Flynn.
6:11 of 1st period - Shot Misses the Net.
6:21 of 1st period - Slapshot by Mike Green.
6:21 of 1st period - Deflect By Alexander Steen.
6:21 of 1st period - Shot Misses the Net.
6:21 of 1st period - Puck is out of play.
6:22 of 1st period - Stephen Weiss wins face-off versus Ryan Getzlaf in Lightning zone.
6:27 of 1st period - Snap shot by Stephen Weiss.
6:27 of 1st period - Shot Blocked by Marc-Édouard Vlasic.
6:35 of 1st period - Wrist shot by Stephen Weiss.
6:35 of 1st period - Stopped by Keith Kinkaid with a rebound.
6:47 of 1st period - Stephen Weiss is hit by Patrick Sharp and loses puck.
6:58 of 1st period - Snap shot by Derek Roy.
6:58 of 1st period - Stopped by Philipp Grubauer without a rebound.
6:59 of 1st period - Mark Scheifele wins face-off versus Ryan Nugent-Hopkins in Lightning zone.
7:04 of 1st period - Slapshot by Joni Pitkanen.
7:04 of 1st period - Shot Misses the Net.
7:26 of 1st period - Patrick Sharp is hit by Kyle Clifford and loses puck.
7:54 of 1st period - Snap shot by Brian Flynn.
7:54 of 1st period - Shot Misses the Net.
8:15 of 1st period - Wrist shot by Duncan Keith.
8:15 of 1st period - Shot Blocked by Sergei Shirokov.
8:27 of 1st period - Slapshot by Sam Gagner.
8:27 of 1st period - Stopped by Keith Kinkaid without a rebound.
8:28 of 1st period - Mark Scheifele wins face-off versus Ryan Nugent-Hopkins in Capitals zone.
8:31 of 1st period - Wrist shot by Mark Scheifele.
8:31 of 1st period - Stopped by Keith Kinkaid without a rebound.
8:32 of 1st period - Mark Scheifele wins face-off versus Derek Roy in Capitals zone.
9:03 of 1st period - Snap shot by Mark Scheifele.
9:03 of 1st period - Stopped by Keith Kinkaid with a rebound.
9:07 of 1st period - Snap shot by Sam Gagner.
9:07 of 1st period - Deflect By Bobby Ryan.
9:07 of 1st period - Shot Misses the Net.
9:07 of 1st period - Puck is out of play.
9:08 of 1st period - Alexander Wennberg wins face-off versus Ryan Nugent-Hopkins in Capitals zone.
9:09 of 1st period - Wrist shot by Kyle Clifford.
9:09 of 1st period - Shot Blocked by Mike Green.
9:33 of 1st period - Mike Green is hit by Brent Seabrook and loses puck.
9:49 of 1st period - Snap shot by Ryan Nugent-Hopkins.
9:49 of 1st period - Shot Misses the Net.
10:14 of 1st period - Icing by Joni Pitkanen.
10:15 of 1st period - Derek Roy wins face-off versus Sam Gagner in Lightning zone.
10:24 of 1st period - Snap shot by T.J. Oshie.
10:24 of 1st period - Stopped by Philipp Grubauer without a rebound.
10:25 of 1st period - Mark Scheifele wins face-off versus Derek Roy in Lightning zone.
10:25 of 1st period - Mark Scheifele is hit by Patrick Sharp.
10:33 of 1st period - Snap shot by Sam Gagner.
10:33 of 1st period - Stopped by Keith Kinkaid with a rebound.
10:53 of 1st period - Slapshot by Clarke MacArthur.
10:53 of 1st period - Shot Misses the Net.
10:55 of 1st period - Wrist shot by Clarke MacArthur.
10:55 of 1st period - Stopped by Philipp Grubauer with a rebound.
10:57 of 1st period - Wrist shot by Mikko Koivu.
10:57 of 1st period - Stopped by Philipp Grubauer with a rebound.
10:59 of 1st period - Snap shot by Clarke MacArthur.
10:59 of 1st period - Shot Misses the Net.
11:01 of 1st period - Snap shot by Mikko Koivu.
11:01 of 1st period - Stopped by Philipp Grubauer with a rebound.
11:03 of 1st period - Slapshot by Trevor Daley.
11:03 of 1st period - Shot Misses the Net.
11:09 of 1st period - Double Minor Penalty to Brent Seabrook for Roughing.
11:10 of 1st period - T.J. Oshie wins face-off versus Mark Scheifele in Lightning zone.
12:15 of 1st period - Duncan Keith is hit by Kyle Clifford and loses puck.
12:26 of 1st period - Stephen Weiss is hit by Jamie Benn and loses puck.
13:24 of 1st period - Justin Schultz is hit by Clarke MacArthur and loses puck.
13:52 of 1st period - Off-side.
13:53 of 1st period - Stephen Weiss wins face-off versus Ryan Nugent-Hopkins in neutral zone.
15:09 of 1st period - Penalty to Brent Seabrook is over, Brent Seabrook is back on ice.
15:12 of 1st period - Bobby Ryan is hit by Duncan Keith and loses puck.
15:17 of 1st period - Snap shot by Ryan Getzlaf.
15:17 of 1st period - Stopped by Philipp Grubauer with a rebound.
16:22 of 1st period - Minor Penalty to Patrick Sharp for Cross-checking.
16:23 of 1st period - Mark Scheifele wins face-off versus Ryan Getzlaf in Capitals zone.
16:30 of 1st period - Mark Scheifele is hit by Ryan Suter.
16:56 of 1st period - Joe Pavelski is hit by Joni Pitkanen and loses puck.
17:31 of 1st period - Mike Green is hit by Kyle Clifford and loses puck.
17:42 of 1st period - Ryan Getzlaf is hit by Alexander Wennberg.
18:22 of 1st period - Penalty to Patrick Sharp is over, Patrick Sharp is back on ice.
18:45 of 1st period - Ryan Nugent-Hopkins is hit by Jesper Fast and loses puck.
Goals for this period are 0 for Lightning vs 0 for Capitals.
Shots for this period are 6 for Lightning vs 9 for Capitals.

2nd period


0:01 of 2nd period - Derek Roy wins face-off versus Mark Scheifele in neutral zone.
0:26 of 2nd period - Jason Pominville is hit by Rickard Rakell and loses puck.
0:58 of 2nd period - Wrist shot by Mike Green.
0:58 of 2nd period - Goal by Mike Green - Lightning : 0 - Capitals : 1.
0:59 of 2nd period - Derek Roy wins face-off versus Mark Scheifele in neutral zone.
1:04 of 2nd period - Snap shot by Derek Roy.
1:04 of 2nd period - Shot Misses the Net.
1:06 of 2nd period - Slapshot by Derek Roy.
1:06 of 2nd period - Goal by Derek Roy - Lightning : 0 - Capitals : 2.
1:07 of 2nd period - Derek Roy wins face-off versus Mark Scheifele in neutral zone.
1:19 of 2nd period - Patrick Sharp is hit by Sam Gagner and loses puck.
1:39 of 2nd period - Slapshot by Justin Schultz.
1:39 of 2nd period - Stopped by Keith Kinkaid with a rebound.
1:44 of 2nd period - Minor Penalty to Brent Seabrook for Holding.
1:45 of 2nd period - Mark Scheifele wins face-off versus Derek Roy in Lightning zone.
1:45 of 2nd period - Mark Scheifele is hit by Clarke MacArthur.
1:50 of 2nd period - Slapshot by Justin Schultz.
1:50 of 2nd period - Shot Blocked by Mike Green.
2:10 of 2nd period - Slapshot by Ryan Nugent-Hopkins.
2:10 of 2nd period - Stopped by Philipp Grubauer without a rebound.
2:11 of 2nd period - Ryan Nugent-Hopkins wins face-off versus Stephen Weiss in Lightning zone.
3:44 of 2nd period - Penalty to Brent Seabrook is over, Brent Seabrook is back on ice.
3:53 of 2nd period - Wrist shot by Brent Seabrook.
3:53 of 2nd period - Deflect By Jesper Fast.
3:53 of 2nd period - Stopped by Keith Kinkaid with a rebound.
3:59 of 2nd period - Jon Merrill is hit by Dustin Brown and loses puck.
4:12 of 2nd period - Ryan Suter is hit by Jon Merrill.
4:47 of 2nd period - Snap shot by Jason Pominville.
4:47 of 2nd period - Shot Blocked by Bobby Ryan.
4:57 of 2nd period - Sam Gagner is hit by Ryan Suter and loses puck.
5:30 of 2nd period - Off-side.
5:31 of 2nd period - Derek Roy wins face-off versus Stephen Weiss in neutral zone.
6:19 of 2nd period - Ryan Nugent-Hopkins is hit by Mark Scheifele.
6:41 of 2nd period - Wrist shot by Jason Pominville.
6:41 of 2nd period - Shot Misses the Net.
6:43 of 2nd period - Snap shot by Jason Pominville.
6:43 of 2nd period - Stopped by Philipp Grubauer with a rebound.
6:45 of 2nd period - Snap shot by Ryan Nugent-Hopkins.
6:45 of 2nd period - Deflect By Jason Pominville.
6:45 of 2nd period - Stopped by Philipp Grubauer without a rebound.
6:46 of 2nd period - Derek Roy wins face-off versus Alexander Wennberg in Lightning zone.
6:47 of 2nd period - Snap shot by T.J. Oshie.
6:47 of 2nd period - Shot Misses the Net.
6:49 of 2nd period - Wrist shot by Duncan Keith.
6:49 of 2nd period - Shot Misses the Net.
6:57 of 2nd period - Snap shot by Derek Roy.
6:57 of 2nd period - Shot Misses the Net.
6:59 of 2nd period - Snap shot by Duncan Keith.
6:59 of 2nd period - Shot Misses the Net.
7:01 of 2nd period - Slapshot by Patrick Sharp.
7:01 of 2nd period - Shot Blocked by Ben Lovejoy.
7:03 of 2nd period - Snap shot by Patrick Sharp.
7:03 of 2nd period - Stopped by Philipp Grubauer with a rebound.
7:09 of 2nd period - Minor Penalty to Rickard Rakell for High sticking.
7:10 of 2nd period - Mark Scheifele wins face-off versus Ryan Nugent-Hopkins in Lightning zone.
7:21 of 2nd period - Snap shot by Ryan Nugent-Hopkins.
7:21 of 2nd period - Goal by Ryan Nugent-Hopkins - Lightning : 0 - Capitals : 3.
7:22 of 2nd period - Mark Scheifele wins face-off versus Derek Roy in neutral zone.
7:33 of 2nd period - Bobby Ryan is hit by Patrick Sharp and loses puck.
8:20 of 2nd period - Slapshot by Mark Scheifele.
8:20 of 2nd period - Shot Misses the Net.
8:28 of 2nd period - Snap shot by Sam Gagner.
8:28 of 2nd period - Shot Misses the Net.
8:38 of 2nd period - Sam Gagner is hit by Duncan Keith and loses puck.
8:43 of 2nd period - Snap shot by Jamie Benn.
8:43 of 2nd period - Stopped by Philipp Grubauer with a rebound.
8:53 of 2nd period - Snap shot by Ryan Nugent-Hopkins.
8:53 of 2nd period - Shot Misses the Net.
8:55 of 2nd period - Slapshot by Jason Pominville.
8:55 of 2nd period - Shot Misses the Net.
8:57 of 2nd period - Slapshot by Duncan Keith.
8:57 of 2nd period - Shot Misses the Net.
9:15 of 2nd period - Snap shot by Bobby Ryan.
9:15 of 2nd period - Shot Blocked by Trevor Daley.
9:17 of 2nd period - Wrist shot by Mark Scheifele.
9:17 of 2nd period - Stopped by Keith Kinkaid without a rebound.
9:18 of 2nd period - Alexander Wennberg wins face-off versus Derek Roy in Capitals zone.
9:24 of 2nd period - Minor Penalty to Patrick Sharp for Hooking.
9:25 of 2nd period - Sergei Shirokov wins face-off versus Ryan Getzlaf in Capitals zone.
9:28 of 2nd period - Wrist shot by Kyle Clifford.
9:28 of 2nd period - Stopped by Keith Kinkaid with a rebound.
9:30 of 2nd period - Wrist shot by Shayne Gostisbehere.
9:30 of 2nd period - Stopped by Keith Kinkaid with a rebound.
11:24 of 2nd period - Penalty to Patrick Sharp is over, Patrick Sharp is back on ice.
11:42 of 2nd period - Backhand shot by Derek Roy.
11:42 of 2nd period - Shot Blocked by Sergei Shirokov.
13:29 of 2nd period - Rickard Rakell is hit by Brent Burns and loses puck.
13:56 of 2nd period - Sam Gagner is hit by Mikko Koivu and loses puck.
14:03 of 2nd period - Brent Burns is hit by Bobby Ryan and loses puck.
14:52 of 2nd period - Jason Pominville is hit by Stephen Weiss and loses puck.
15:28 of 2nd period - Icing by Ben Lovejoy.
15:29 of 2nd period - Brian Flynn wins face-off versus Mikko Koivu in Lightning zone.
15:34 of 2nd period - Clarke MacArthur is hit by Brian Flynn and loses puck.
16:38 of 2nd period - Off-side.
16:39 of 2nd period - Mark Scheifele wins face-off versus Derek Roy in neutral zone.
16:46 of 2nd period - Snap shot by Mark Scheifele.
16:46 of 2nd period - Stopped by Keith Kinkaid without a rebound.
16:47 of 2nd period - Mark Scheifele wins face-off versus Derek Roy in Capitals zone.
16:48 of 2nd period - Slapshot by Bobby Ryan.
16:48 of 2nd period - Stopped by Keith Kinkaid without a rebound.
16:49 of 2nd period - Mark Scheifele wins face-off versus Derek Roy in Capitals zone.
16:56 of 2nd period - Wrist shot by Bobby Ryan.
16:56 of 2nd period - Shot Misses the Net.
16:58 of 2nd period - Wrist shot by Mark Scheifele.
16:58 of 2nd period - Shot Misses the Net.
17:00 of 2nd period - Slapshot by Mark Scheifele.
17:00 of 2nd period - Shot Misses the Net.
17:02 of 2nd period - Wrist shot by Bobby Ryan.
17:02 of 2nd period - Shot Blocked by Mike Green.
17:04 of 2nd period - Slapshot by Justin Schultz.
17:04 of 2nd period - Shot Blocked by Mike Green.
17:06 of 2nd period - Wrist shot by Sam Gagner.
17:06 of 2nd period - Deflect By Mark Scheifele.
17:06 of 2nd period - Shot Misses the Net.
17:06 of 2nd period - Puck is out of play.
17:07 of 2nd period - Alexander Wennberg wins face-off versus Ryan Nugent-Hopkins in Capitals zone.
17:08 of 2nd period - Snap shot by Kyle Clifford.
17:08 of 2nd period - Shot Misses the Net.
17:30 of 2nd period - Icing by Brent Seabrook.
17:31 of 2nd period - Alexander Wennberg wins face-off versus Derek Roy in Lightning zone.
18:19 of 2nd period - Wrist shot by Bobby Ryan.
18:19 of 2nd period - Shot Blocked by Dustin Brown.
18:21 of 2nd period - Slapshot by Justin Schultz.
18:21 of 2nd period - Shot Misses the Net.
18:37 of 2nd period - Snap shot by Dustin Brown.
18:37 of 2nd period - Stopped by Philipp Grubauer with a rebound.
18:49 of 2nd period - Wrist shot by Alexander Steen.
18:49 of 2nd period - Stopped by Philipp Grubauer with a rebound.
19:01 of 2nd period - Snap shot by Mark Scheifele.
19:01 of 2nd period - Shot Misses the Net.
19:03 of 2nd period - Snap shot by Brent Seabrook.
19:03 of 2nd period - Shot Misses the Net.
19:09 of 2nd period - Snap shot by Sam Gagner.
19:09 of 2nd period - Shot Misses the Net.
19:11 of 2nd period - Slapshot by Justin Schultz.
19:11 of 2nd period - Stopped by Keith Kinkaid without a rebound.
19:12 of 2nd period - Derek Roy wins face-off versus Alexander Wennberg in Capitals zone.
Goals for this period are 0 for Lightning vs 3 for Capitals.
Shots for this period are 8 for Lightning vs 10 for Capitals.

3rd period


0:01 of 3rd period - Mark Scheifele wins face-off versus Derek Roy in neutral zone.
0:15 of 3rd period - Slapshot by Sam Gagner.
0:15 of 3rd period - Stopped by Keith Kinkaid with a rebound.
0:23 of 3rd period - Mark Scheifele is hit by T.J. Oshie and loses puck.
0:28 of 3rd period - Wrist shot by Derek Roy.
0:28 of 3rd period - Goal by Derek Roy - Lightning : 0 - Capitals : 4.
0:29 of 3rd period - Derek Roy wins face-off versus Alexander Wennberg in neutral zone.
1:00 of 3rd period - Jon Merrill is hit by Brent Burns.
1:08 of 3rd period - Snap shot by Bobby Ryan.
1:08 of 3rd period - Shot Blocked by Brent Burns.
1:20 of 3rd period - Slapshot by Alex Killorn.
1:20 of 3rd period - Shot Blocked by Brent Burns.
2:02 of 3rd period - Wrist shot by Jason Pominville.
2:02 of 3rd period - Stopped by Philipp Grubauer without a rebound.
2:03 of 3rd period - Alexander Wennberg wins face-off versus Derek Roy in Lightning zone.
2:03 of 3rd period - Alexander Wennberg is hit by Derek Roy.
2:06 of 3rd period - Icing by Kyle Clifford.
2:07 of 3rd period - Alexander Wennberg wins face-off versus Derek Roy in Lightning zone.
2:07 of 3rd period - Alexander Wennberg is hit by Trevor Daley.
2:21 of 3rd period - Wrist shot by Alexander Wennberg.
2:21 of 3rd period - Stopped by Keith Kinkaid without a rebound.
2:22 of 3rd period - Mark Scheifele wins face-off versus Derek Roy in Capitals zone.
2:33 of 3rd period - Wrist shot by T.J. Oshie.
2:33 of 3rd period - Stopped by Philipp Grubauer with a rebound.
2:36 of 3rd period - Icing by Justin Schultz.
2:37 of 3rd period - Ryan Nugent-Hopkins wins face-off versus Mark Scheifele in Lightning zone.
2:50 of 3rd period - Wrist shot by Mark Scheifele.
2:50 of 3rd period - Stopped by Keith Kinkaid with a rebound.
2:52 of 3rd period - Wrist shot by Mark Scheifele.
2:52 of 3rd period - Shot Misses the Net.
2:54 of 3rd period - Snap shot by Mark Scheifele.
2:54 of 3rd period - Shot Blocked by Jamie Benn.
3:06 of 3rd period - Snap shot by Bobby Ryan.
3:06 of 3rd period - Stopped by Keith Kinkaid with a rebound.
3:14 of 3rd period - Snap shot by Sam Gagner.
3:14 of 3rd period - Shot Misses the Net.
3:20 of 3rd period - Wrist shot by Mark Scheifele.
3:20 of 3rd period - Deflect By Jason Pominville.
3:20 of 3rd period - Stopped by Keith Kinkaid without a rebound.
3:21 of 3rd period - Alexander Wennberg wins face-off versus Derek Roy in Capitals zone.
3:34 of 3rd period - Snap shot by Kyle Clifford.
3:34 of 3rd period - Stopped by Keith Kinkaid with a rebound.
3:36 of 3rd period - Slapshot by Jon Merrill.
3:36 of 3rd period - Shot Misses the Net.
3:46 of 3rd period - Jon Merrill is hit by Joe Pavelski and loses puck.
4:11 of 3rd period - Wrist shot by Dustin Brown.
4:11 of 3rd period - Shot Misses the Net.
4:41 of 3rd period - Minor Penalty to Kyle Clifford for Boarding.
4:42 of 3rd period - Ryan Nugent-Hopkins wins face-off versus Mark Scheifele in Lightning zone.
4:51 of 3rd period - Snap shot by Ryan Nugent-Hopkins.
4:51 of 3rd period - Shot Blocked by Mark Scheifele.
4:53 of 3rd period - Slapshot by Mike Green.
4:53 of 3rd period - Stopped by Philipp Grubauer with a rebound.
6:41 of 3rd period - Penalty to Kyle Clifford is over, Kyle Clifford is back on ice.
6:55 of 3rd period - Slapshot by Duncan Keith.
6:55 of 3rd period - Deflect By Shayne Gostisbehere.
6:55 of 3rd period - Stopped by Philipp Grubauer with a rebound.
7:25 of 3rd period - Icing by Joni Pitkanen.
7:26 of 3rd period - Derek Roy wins face-off versus Mark Scheifele in Lightning zone.
7:36 of 3rd period - Penalty Shot by Ryan Suter for Capitals.
7:36 of 3rd period - Deke by Ryan Suter.
7:36 of 3rd period - Goal by Ryan Suter - Lightning : 0 - Capitals : 5.
7:36 of 3rd period - Jhonas Enroth enters game.
7:37 of 3rd period - Derek Roy wins face-off versus Mark Scheifele in neutral zone.
7:38 of 3rd period - Mark Scheifele wins face-off versus Derek Roy in Capitals zone.
7:54 of 3rd period - Snap shot by Mark Scheifele.
7:54 of 3rd period - Stopped by Keith Kinkaid with a rebound.
8:04 of 3rd period - Kyle Clifford is hit by Ryan Nugent-Hopkins.
8:16 of 3rd period - Brent Seabrook is hit by Brent Burns and loses puck.
8:34 of 3rd period - Snap shot by Jason Pominville.
8:34 of 3rd period - Shot Blocked by Justin Schultz.
8:36 of 3rd period - Wrist shot by Jamie Benn.
8:36 of 3rd period - Deflect By Jason Pominville.
8:36 of 3rd period - Goal by Jason Pominville - Lightning : 0 - Capitals : 6.
8:37 of 3rd period - Mark Scheifele wins face-off versus Derek Roy in neutral zone.
8:44 of 3rd period - Slapshot by Patrick Sharp.
8:44 of 3rd period - Stopped by Jhonas Enroth with a rebound.
8:46 of 3rd period - Wrist shot by Patrick Sharp.
8:46 of 3rd period - Shot Misses the Net.
8:48 of 3rd period - Slapshot by Duncan Keith.
8:48 of 3rd period - Shot Misses the Net.
8:50 of 3rd period - Snap shot by Duncan Keith.
8:50 of 3rd period - Shot Blocked by Ben Lovejoy.
8:52 of 3rd period - Wrist shot by Patrick Sharp.
8:52 of 3rd period - Shot Blocked by Ben Lovejoy.
9:04 of 3rd period - Duncan Keith is hit by Ben Lovejoy and loses puck.
9:15 of 3rd period - Snap shot by Jason Pominville.
9:15 of 3rd period - Shot Misses the Net.
9:58 of 3rd period - Off-side.
9:59 of 3rd period - Derek Roy wins face-off versus Mark Scheifele in neutral zone.
9:59 of 3rd period - Derek Roy is hit by Mark Scheifele.
10:03 of 3rd period - Snap shot by Derek Roy.
10:03 of 3rd period - Stopped by Jhonas Enroth with a rebound.
10:15 of 3rd period - Wrist shot by Derek Roy.
10:15 of 3rd period - Shot Misses the Net.
10:21 of 3rd period - Minor Penalty to Bobby Ryan for Roughing.
10:22 of 3rd period - Mark Scheifele wins face-off versus Ryan Nugent-Hopkins in Lightning zone.
10:37 of 3rd period - Snap shot by Mike Green.
10:37 of 3rd period - Goal by Mike Green - Lightning : 0 - Capitals : 7.
10:38 of 3rd period - Mark Scheifele wins face-off versus Derek Roy in neutral zone.
10:47 of 3rd period - Snap shot by Sam Gagner.
10:47 of 3rd period - Shot Blocked by Mike Green.
11:34 of 3rd period - Justin Schultz is hit by Joe Pavelski and loses puck.
11:49 of 3rd period - Slapshot by Alexander Steen.
11:49 of 3rd period - Stopped by Jhonas Enroth without a rebound.
11:50 of 3rd period - Ryan Getzlaf wins face-off versus Jesper Fast in Lightning zone.
11:55 of 3rd period - Wrist shot by Alexander Steen.
11:55 of 3rd period - Shot Blocked by Ben Lovejoy.
12:08 of 3rd period - Slapshot by Ryan Suter.
12:08 of 3rd period - Shot Misses the Net.
12:20 of 3rd period - Snap shot by Alexander Steen.
12:20 of 3rd period - Shot Blocked by Ben Lovejoy.
12:22 of 3rd period - Wrist shot by Ryan Suter.
12:22 of 3rd period - Stopped by Jhonas Enroth without a rebound.
12:23 of 3rd period - Patrick Sharp wins face-off versus Mark Scheifele in Lightning zone.
12:30 of 3rd period - Snap shot by Shayne Gostisbehere.
12:30 of 3rd period - Shot Misses the Net.
12:32 of 3rd period - Slapshot by Mark Scheifele.
12:32 of 3rd period - Shot Misses the Net.
12:34 of 3rd period - Slapshot by Shayne Gostisbehere.
12:34 of 3rd period - Stopped by Keith Kinkaid with a rebound.
12:36 of 3rd period - Backhand shot by Joni Pitkanen.
12:36 of 3rd period - Stopped by Keith Kinkaid with a rebound.
12:38 of 3rd period - Slapshot by Bobby Ryan.
12:38 of 3rd period - Deflect By Mike Green.
12:38 of 3rd period - Stopped by Keith Kinkaid without a rebound.
12:39 of 3rd period - Ryan Nugent-Hopkins wins face-off versus Alexander Wennberg in Capitals zone.
12:44 of 3rd period - Kyle Clifford is hit by Jamie Benn and loses puck.
13:01 of 3rd period - Minor Penalty to Mike Green for Interference.
13:02 of 3rd period - Ryan Getzlaf wins face-off versus Mark Scheifele in Capitals zone.
14:36 of 3rd period - Off-side.
14:37 of 3rd period - Ryan Nugent-Hopkins wins face-off versus Alexander Wennberg in neutral zone.
15:01 of 3rd period - Penalty to Mike Green is over, Mike Green is back on ice.
15:07 of 3rd period - Marc-Édouard Vlasic is hit by Ondrej Palat and loses puck.
15:12 of 3rd period - Wrist shot by Sergei Shirokov.
15:12 of 3rd period - Goal by Sergei Shirokov - Lightning : 1 - Capitals : 7.
15:13 of 3rd period - Derek Roy wins face-off versus Mark Scheifele in neutral zone.
16:13 of 3rd period - Snap shot by Bobby Ryan.
16:13 of 3rd period - Shot Misses the Net.
16:15 of 3rd period - Slapshot by Joni Pitkanen.
16:15 of 3rd period - Shot Misses the Net.
16:17 of 3rd period - Slapshot by Shayne Gostisbehere.
16:17 of 3rd period - Shot Hit the Post.
16:19 of 3rd period - Slapshot by Sam Gagner.
16:19 of 3rd period - Stopped by Keith Kinkaid with a rebound.
16:21 of 3rd period - Slapshot by Mark Scheifele.
16:21 of 3rd period - Stopped by Keith Kinkaid without a rebound.
16:22 of 3rd period - Derek Roy wins face-off versus Alexander Wennberg in Capitals zone.
17:09 of 3rd period - Snap shot by Jason Pominville.
17:09 of 3rd period - Stopped by Jhonas Enroth without a rebound.
17:10 of 3rd period - Ryan Nugent-Hopkins wins face-off versus Alexander Wennberg in Lightning zone.
17:23 of 3rd period - Wrist shot by Jamie Benn.
17:23 of 3rd period - Shot Misses the Net.
17:51 of 3rd period - Snap shot by Duncan Keith.
17:51 of 3rd period - Stopped by Jhonas Enroth without a rebound.
17:52 of 3rd period - Derek Roy wins face-off versus Sam Gagner in Lightning zone.
17:55 of 3rd period - Snap shot by Derek Roy.
17:55 of 3rd period - Shot Hit the Post.
17:57 of 3rd period - Minor Penalty to Bobby Ryan for Hooking.
17:58 of 3rd period - Mark Scheifele wins face-off versus Ryan Nugent-Hopkins in Lightning zone.
18:13 of 3rd period - Wrist shot by Ryan Nugent-Hopkins.
18:13 of 3rd period - Stopped by Jhonas Enroth with a rebound.
19:57 of 3rd period - Penalty to Bobby Ryan is over, Bobby Ryan is back on ice.
Goals for this period are 1 for Lightning vs 4 for Capitals.
Shots for this period are 13 for Lightning vs 14 for Capitals.